 Dungeon Crawl Stone Soup version 0.24-a0-725-gf1a930fc54 (webtiles) character file.

Game seed: 12208397371186189560, levelgen mode: deterministic

192 Kohma the Ruffian (level 5, -4/50 HPs)
             Began as a Troll Fighter on Oct 1, 2019.
             Slain by a gnoll
             ... wielding a +0 spear
              (6 damage)
             ... on level 3 of the Dungeon.
             The game lasted 00:06:55 (1949 turns).

Kohma the Ruffian (Troll Fighter)                   Turns: 1949, Time: 00:06:58

Health: -4/50      AC:  6    Str: 26 (29) XL:     5   Next: 42%
Magic:  4/4        EV:  4    Int:  3 (4)  God:
Gold:   136        SH:  0    Dex:  7 (10) Spells: 4/4 levels left

rFire    . . .     SeeInvis .     - Unarmed
rCold    . . .     Gourm    +   b - +0 shield
rNeg     . . .     Faith    .   m - +0 robe
rPois    .         Spirit   .   (helmet restricted)
rElec    .         Reflect  .   (no cloak)
rCorr    .         Harm     .   (gloves unavailable)
MR       .....                  (boots unavailable)
Stlth    +.........             (no amulet)
HPRegen  0.56/turn              (no ring)
MPRegen  0.09/turn              (no ring)

@: mighty, lethally poisoned (-4 -> -12), flying, held
A: large, unfitting armour, claws 3, fast metabolism 3, gourmand, regeneration
1, shaggy fur 1, tough skin 3
a: no special abilities


You were on level 3 of the Dungeon.
You were very full.

You visited 1 branch of the dungeon, and saw 3 of its levels.

You collected 136 gold pieces.

Inventory:

Missiles
 h - 77 stones (quivered)
Armour
 b - a +0 shield (worn)
 m - a +0 robe (worn)
Jewellery
 a - an uncursed amulet of rage {unknown}
Scrolls
 f - a scroll of blinking {unknown}
 i - a scroll of enchant armour {unknown}
 k - 2 scrolls of identify {unknown}
 n - a scroll of fog {unknown}
Potions
 c - a potion of might
Comestibles
 d - 5 rations


   Skills:
 - Level 2.4 Fighting
 - Level 2.4 Dodging
 + Level 4.0 Shields
 + Level 4.2 Unarmed Combat


You had 4 spell levels left.
You didn't know any spells.
Your spell library was empty.

Dungeon Overview and Level Annotations

Branches:
Dungeon (3/15)

Altars:

Annotations:
D:3 1 transporter


Innate Abilities, Weirdness & Mutations

You are too large for most types of armour.
You have claws for hands.
Your metabolism is lightning-fast.
You like to eat raw meat.
Your natural rate of healing is unusually fast.
You are covered in fur. (AC +1)
You have extremely tough skin. (AC +3)


Message History

You are lethally poisoned!
It was a potion of heal wounds.
You feel much better.
You feel sick.
The gnoll hits the plant but does no damage.
The gnoll hits you from afar with a +0 spear!
The gnoll sergeant hits you from afar with a +5 spear of chaos.
You are more poisoned.
You struggle against the net.
You feel sick.
The gnoll hits the plant but does no damage.
The gnoll hits you from afar with a +0 spear!
* * * LOW HITPOINT WARNING * * *
The gnoll sergeant hits you from afar with a +5 spear of chaos.
* * * LOW HITPOINT WARNING * * *
You are more poisoned.
It was a potion of degeneration.
There was something very wrong with that liquid.
You feel weakened.
You feel dopey.
You feel clumsy.
* * * LOW HITPOINT WARNING * * *
You feel sick. The gnoll hits you but does no damage.
The gnoll hits you from afar with a +0 spear.
You die...

≈≈≈ ## ..( ## .≈ #.. ###
..# #######.≈≈#.. #.#
..# #.......≈≈#.......
... ≈
#......!≈≈###.##'##.###≈
#.......≈≈..#.#PgP#.#..≈
#.......≈≈.##.#⌠(⌠#.##.≈
'.......≈≈.#..#P@P#.©#.≈
#.[.....≈≈.##.##g##.##.≈
#...........#.#ggP#.#..≈
#..........©#.'g©.'.#©.≈
###.##......#.#8⌠8#.#..≈
##)##>.≈≈.##.#####.# ≈
...###.≈≈.#. # . .#..#
#.≈≈.##.#. # .#..#
#.≈≈..# #.$


You could see a gnoll sergeant, a gnoll shaman and 3 gnolls.

Vanquished Creatures
  6 gnolls
  5 adders
  A worm (D:2)
  2 dart slugs
  A ball python (D:1)
  7 bats
  5 giant cockroaches
  10 goblins
  13 hobgoblins
  4 jackals (D:1)
  4 quokkas (D:2)
  5 frilled lizards
  10 kobolds
  11 rats
84 creatures vanquished.

Vanquished Creatures (others)
  A plant (D:3)
1 creature vanquished.

Grand Total: 85 creatures vanquished

Notes
Turn   | Place    | Note
-------+----------+-------------------------------------------
     0 | D:1      | Kohma the Troll Fighter began the quest for the Orb.
     0 | D:1      | Reached XP level 1. HP: 22/22 MP: 0/0
    79 | D:1      | Reached XP level 2. HP: 29/29 MP: 1/1
   403 | D:1      | Reached XP level 3. HP: 36/36 MP: 2/2
   977 | D:2      | Reached XP level 4. HP: 37/44 MP: 3/3
  1824 | D:3      | Identified the +1 shield of Gaussoq {rF++ rC-}
  1824 | D:3      | Noticed a gnoll sergeant
  1880 | D:3      | Reached XP level 5. HP: 50/50 MP: 4/4
  1918 | D:3      | Found a transporter.
  1930 | D:3      | Found a transporter.
  1940 | D:3      | HP: 2/50 [gnoll/+0 spear of pain (3)]
  1946 | D:3      | HP: 2/50 [gnoll sergeant/+5 spear of chaos (2)]
  1949 | D:3      | Slain by a gnoll

Levels and vault maps discovered:
D:1:      lightli_arrival_statuegarden, layout_loops_ring
D:2:      wad_woods_tower, layout_basic, first_ration, minmay_pentomino_w4
D:3:      layout_basic, gammafunk_ghost_gnarly_gnolls, grunt_ministairs_7

Skill      XL: |  1  2  3  4  5 |
---------------+----------------+-----
Shields        | 3 4 |  4.0
Unarmed Combat | 3 4 |  4.2
Fighting       | |  2.4
Dodging        | |  2.4

Action                   |  1- 3 |  4- 6 || total
-------------------------+-------+-------++-------
Melee: Unarmed           |   143 |   101 ||   244
Throw: Stone             |     4 |       ||     4
  Use: Potion            |       |     6 ||     6
 Stab: Sleeping          |     1 |       ||     1
  Eat: Chunk             |    14 |     9 ||    23
Armor: Robe              |    62 |    29 ||    91
Dodge: Dodged            |    49 |    20 ||    69
Block: Shield            |    76 |    48 ||   124

Table legend:
 A = Non-vault XP
 B = Vault XP
 C = Vault XP percentage of total XP
 D = Non-vault monster count
 E = Vault monster count
 F = Vault count percentage of total count
                 A         B        C        D         E       F
            +---------+---------+-------+---------+---------+-------
      Total |     159 |     116 |  42.2 |      67 |      17 |  20.2
            +---------+---------+-------+---------+---------+-------
        D:1 |      54 |       0 |   0.0 |      32 |       0 |   0.0
        D:2 |      54 |      59 |  52.2 |      25 |      13 |  34.2
        D:3 |      51 |      57 |  52.8 |      10 |       4 |  28.6
            +---------+---------+-------+---------+---------+-------
